 Dungeon Crawl Stone Soup version 0.29-a0-344-ge2f44be95a (webtiles) character file.

Game seed: 16147800474068840612

1332 thiscave3701365 the Cleaver (level 8, -8/66 (68) HPs)
             Began as a Minotaur Berserker on Apr 21, 2022.
             Was a Priest of Trog.
             Mangled by a wight
             ... wielding a +3 trident
              (10 damage)
             ... on level 6 of the Dungeon.
             The game lasted 00:05:51 (8033 turns).

thiscave3701365 the Cleaver (Minotaur Berserker)    Turns: 8033, Time: 00:05:52

HP:   -8/66 (68)    AC:  3    Str: 29    XL:     8   Next: 34%
MP:   7/7           EV: 13    Int:  4    God:    Trog [***...]
Gold: 247           SH:  0    Dex: 11    Spells: 7/7 levels left

rFire   + . .      SeeInvis .   a - +0 hand axe
rCold   + . .      Faith    .   (no shield)
rNeg    . . .      Spirit   .   b - +0 animal skin
rPois   .          Reflect  .   (helmet restricted)
rElec   .          Harm     .   w - scarf {rC+ rF+}
rCorr   .          Rampage  .   (no gloves)
Will    .....                   k - +0 pair of boots
Stlth   +.........              (no amulet)
HPRegen 0.21/turn               i - +6 ring of strength
MPRegen 0.10/turn               (no ring)

@: on berserk cooldown, slowed, lightly drained, very slow
A: horns 2, retaliatory headbutt
a: Renounce Religion, Berserk, Trog's Hand


You were on level 6 of the Dungeon.
You worshipped Trog.
Trog was most pleased with you.
You visited 1 branch of the dungeon, and saw 6 of its levels.
You also visited: Sewer.

You collected 247 gold pieces.

Inventory:

Hand Weapons
 a - a +0 hand axe (weapon)
Missiles
 r - 3 throwing nets
Armour
 b - a +0 animal skin (worn)
 k - a +0 pair of boots (worn)
 w - a scarf of resistance (worn)
Jewellery
 i - a +6 ring of strength (left hand)
 j - a ring of protection from cold
 x - a +6 ring of intelligence
Scrolls
 c - 2 scrolls of vulnerability {unknown}
 e - a scroll of holy word {unknown}
 f - 3 scrolls of amnesia {unknown}
 g - 3 scrolls of identify {unknown}
 h - 3 scrolls of magic mapping {unknown}
 l - 2 scrolls of immolation {unknown}
 m - 2 scrolls of silence {unknown}
 n - 2 scrolls of noise {unknown}
 o - 3 scrolls of teleportation {unknown}
 p - a scroll of enchant armour {unknown}
 y - 3 scrolls of enchant weapon {unknown}
Potions
 d - 4 potions of might {unknown}
 q - 5 potions of brilliance {unknown}
 s - 2 potions of heal wounds {unknown}
 t - 2 potions of mutation {unknown}
 u - 3 potions of haste {unknown}
 v - a potion of magic {unknown}
 z - 4 potions of curing {unknown}
 A - a potion of lignification {unknown}


   Skills:
 - Level 5.3 Fighting
 + Level 10.7 Axes
 - Level 4.5 Armour
 - Level 4.1 Dodging


You had 7 spell levels left.
You didn't know any spells.
Your spell library was empty.

Dungeon Overview and Level Annotations

Branches:
Dungeon (6/15)             Temple (0/1) D:5           Sewer (visited)

Altars:
The Shining One

Shops:
D:1 ![


Innate Abilities, Weirdness & Mutations

You have a pair of horns on your head.
You reflexively headbutt those who attack you in melee.


Message History

The wight closely misses you.
You slash the wight!
You destroy the wight!
Trog accepts your kill.
Unknown command.
Unknown command.
Found a black potion.
You feel a strong urge to attack something.
Unknown command.
You feel your anger nearly subside.
You are no longer berserk.
You are exhausted.
You feel yourself slow down.
A wight comes into view. It is wielding a +0 long sword.
The wight hits you with a +3 trident!
Unknown command.
You are too injured to fight recklessly!
You are too injured to fight recklessly!
Unknown command.
You are too injured to fight recklessly!
Unknown command.
You are too injured to fight recklessly!
Unknown command.
You are too injured to fight recklessly!
You are too injured to fight recklessly!
You barely miss the wight. Your headbutt misses the wight.
A wight comes into view. It is wielding a +3 flail.
The wight hits you with a +3 trident!
* * * LOW HITPOINT WARNING * * *
You feel drained.
* * * LOW HITPOINT WARNING * * *
You hit the wight but do no damage. The wight barely misses you.
You furiously retaliate!
You headbutt the wight! You hit the wight but do no damage.
The wight is severely damaged.
The wight hits you with a +3 trident!
* * * LOW HITPOINT WARNING * * *
You barely miss the wight. Your headbutt misses the wight.
The wight is severely damaged.
The wight hits you but does no damage. The wight hits you with a +3 trident!
You die...

...##....... .......
......#....... .......
!............. .......
............. .......
...........## #.#.....
....[......##.##.....
......)..........###
###...)............
#z@.......###.....#
......z.#.......###.....
.....#.#........#.#.....
#... ###................
##. .................. #
........##.........
.........##...##...
................#...
......#......##..#


You could see 2 wights.

Vanquished Creatures
  A water moccasin (D:5)
  A black bear (D:4)
  A phantom (D:5)
  A kobold brigand (Sewer)
  A gnoll sergeant (D:4)
  A necrophage (D:4)
  3 scorpions
  2 wights (D:6)
  2 howler monkeys
  An orc priest (D:5)
  2 hounds
  A jelly (D:4)
  2 iguanas
  An orc wizard (D:5)
  Natasha (twice) (D:2)
  8 adders
  4 river rats
  3 white imps
  10 worms
  2 dart slugs
  3 orcs (D:5)
  8 endoplasms
  2 giant cockroaches
  6 goblins
  9 hobgoblins
  11 jackals
  21 kobolds
  7 quokkas
  9 ball pythons
  3 bats (D:1)
  4 frilled lizards
  22 rats
154 creatures vanquished.

Notes
Turn   | Place    | Note
-------+----------+-------------------------------------------
     0 | D:1      | thiscave3701365 the Minotaur Berserker began the quest for
                  | the Orb.
     0 | D:1      | Reached XP level 1. HP: 19/19 MP: 0/0
   304 | D:1      | Reached XP level 2. HP: 26/27 MP: 1/1
   586 | D:1      | Found Xauwanta's Antique Armour Shop.
   617 | D:1      | Reached skill level 4 in Axes
   731 | D:1      | Found Yckor's Distillery.
   739 | D:1      | Reached XP level 3. HP: 29/33 MP: 2/2
  1039 | D:1      | Reached ** piety under Trog
  1565 | D:2      | Found a faded altar of an unknown god.
  1896 | D:2      | Noticed Natasha
  1909 | D:2      | Killed Natasha
  1910 | D:2      | Reached XP level 4. HP: 29/41 MP: 3/3
  2292 | D:2      | Noticed Natasha
  2302 | D:2      | Killed Natasha
  2907 | D:3      | Reached XP level 5. HP: 23/47 MP: 4/4
  3230 | D:3      | Found a glowing golden altar of the Shining One.
  3783 | D:4      | Reached skill level 5 in Fighting
  3908 | D:4      | Found a glowing drain.
  3917 | D:4      | Reached skill level 5 in Axes
  3922 | Sewer    | Entered a sewer
  4455 | Sewer    | Reached XP level 6. HP: 38/56 MP: 5/5
  4669 | Sewer    | Reached *** piety under Trog
  5577 | D:4      | Reached skill level 6 in Axes
  5959 | D:4      | Reached XP level 7. HP: 55/61 MP: 6/6
  6009 | D:4      | Reached skill level 7 in Axes
  6617 | D:5      | Entered Level 5 of the Dungeon
  6673 | D:5      | Reached skill level 8 in Axes
  6786 | D:5      | Found a staircase to the Ecumenical Temple.
  6865 | D:5      | Reached skill level 9 in Axes
  7339 | D:5      | Reached XP level 8. HP: 61/68 MP: 7/7
  7491 | D:5      | Reached skill level 10 in Axes
  8021 | D:6      | Reached **** piety under Trog
  8032 | D:6      | HP: 1/66 [wight/+3 trident (11)]
  8033 | D:6      | Mangled by a wight

Illustrated notes

Levels and vault maps discovered:
D:1:      eino_arrival_cavern_a, layout_basic, serial_shops, shop,
          nicolae_shop_stone
D:2:      layout_loops_ring, ebering_ecumenical_altar_webs, uniq_natasha
D:3:      layout_loops_corners, lemuel_coloured_pillars_altar
D:4:      layout_loops_ring, cheibrodos_sewer_entry_sluice, minmay_quantized
D:5:      layout_cave_pods, minmay_temple_entry_metal_lava, nicolae_wormholes
D:6:      layout_cave_pools

Skill      XL: |  1  2  3  4  5  6  7  8 |
---------------+-------------------------+-----
Fighting       | 4 5 |  5.3
Axes           | 4 5 6 9 10 | 10.7
Armour         | 3 4 |  4.5
Dodging        | 3 4 |  4.1

Action                   |  1- 3 |  4- 6 |  7- 9 || total
-------------------------+-------+-------+-------++-------
Melee: Hand axe          |    96 |   134 |    96 ||   326
       Headbutt          |    15 |    20 |    17 ||    52
       Punch             |       |     2 |     1 ||     3
Invok: Berserk           |     1 |     9 |     7 ||    17
 Stab: Sleeping          |       |     2 |       ||     2
Armor: Animal skin       |    27 |    33 |    17 ||    77
Dodge: Dodged            |    47 |    94 |    56 ||   197

Table legend: (Time is in decaauts)
 A = Elapsed time spent in this place.
 B = Non-inter-level travel time spent in this place.
 C = Inter-level travel time spent in this place.
 D = Time resting spent in this place.
 E = Time spent auto-exploring this place.
 F = Levels seen in this place.
 G = Mean time per level.
                   A        B        C        D        E       F      G
               +--------+--------+--------+--------+--------+-----+--------+
         Total |   8225 |   8067 |    158 |   2310 |   4882 |   7 | 1175.0 |
       Dungeon |   6837 |   6679 |    158 |   1559 |   4395 |   6 | 1139.5 |
         Sewer |   1388 |   1388 |      0 |    751 |    486 |   1 | 1388.0 |
               +--------+--------+--------+--------+--------+-----+--------+

Top non-repeatable levels by time:
     D:4: 1641 daAuts
   Sewer: 1388 daAuts
     D:2: 1349 daAuts
     D:5: 1339 daAuts
     D:1: 1289 daAuts
     D:3: 1112 daAuts
     D:6: 104 daAuts
